 Dungeon Crawl Stone Soup version 0.30-a0-263-ge22c4ad894 (webtiles) character file.

Game seed: 16594849987561460967

86 koil the Sneak (level 4, -2/22 HPs)
             Began as a Spriggan Enchanter on Oct 13, 2022.
             Killed by nerve-wracking pain
             ... invoked by an orc priest
              (5 damage)
             ... on level 3 of the Dungeon.
             The game lasted 00:04:58 (1935 turns).

koil the Sneak (Spriggan Enchanter)                 Turns: 1935, Time: 00:04:59

Health: -2/22      AC:  2    Str:  4    XL:     4   Next: 27%
Magic:  5/10       EV: 18    Int: 16    God:
Gold:   112        SH:  0    Dex: 17    Spells: 4/9 levels left

rFire   . . .      SeeInvis +    a - +1 dagger
rCold   . . .      Faith    .    (no shield)
rNeg    . . .      Spirit   .    j - +0 robe
rPois   .          Reflect  .    (helmet restricted)
rElec   .          Harm     .    (no cloak)
rCorr   .          Rampage  .    (gloves unavailable)
Will    .....                    (boots unavailable)
Stlth   +++.......               (no amulet)
HPRegen 0.23/turn                (no ring)
MPRegen 0.12/turn                (no ring)

@: confusing by touch, very slightly contaminated, very quick
A: very small, no large weapons, unfitting armour, see invisible, speed 3
a: no special abilities


You were on level 3 of the Dungeon.
You visited 1 branch of the dungeon, and saw 3 of its levels.

You collected 112 gold pieces.

Inventory:

Hand Weapons
 a - a +1 dagger (weapon)
Armour
 j - a +0 robe (worn)
Scrolls
 d - 3 scrolls of identify {unknown}
 e - 2 scrolls of noise {unknown}
 f - a scroll of enchant weapon {unknown}
 g - a scroll of immolation {unknown}
 h - 2 scrolls of teleportation {unknown}
 i - a scroll of blinking {unknown}
 k - 3 scrolls of vulnerability {unknown}
 l - a scroll of fog {unknown}
Potions
 b - a potion of cancellation {unknown}
 c - 2 potions of invisibility


   Skills:
 + Level 1.0 Fighting
 + Level 2.1 Short Blades
 + Level 3.3 Dodging
 + Level 5.0 Stealth
 + Level 3.4 Spellcasting
 + Level 4.3 Hexes


You had 4 spell levels left.
You knew the following spells:

 Your Spells              Type           Power      Damage    Failure   Level
a - Ensorcelled Hibernat  Hex/Ice        18%        N/A       11%         2
b - Confusing Touch       Hex            16%        N/A       9%          3

Your spell library contained the following spells:

 Spells                   Type           Power      Damage    Failure   Level
 Tukima's Dance           Hex            16%        N/A       9%          3
 Magic Dart               Conj           8%         1d3       19%         1
 Dazzling Flash           Conj/Hex       18%        N/A       22%         3
 Call Imp                 Summ           2%         N/A       26%         2
 Mephitic Cloud           Conj/Pois/Air  2%         N/A       47%         3


Dungeon Overview and Level Annotations

Branches:
Dungeon (3/15)

Altars:


Innate Abilities, Weirdness & Mutations

You are very small and have problems with some larger weapons.
You are too small for most types of armour.
You have supernaturally acute eyesight. (SInv)
You cover ground extremely quickly. (Speed+++)


Message History

Casting: Confusing Touch (quite dangerous; 9% risk of failure)
Confirm with . or Enter, or press ? or * to list all spells.
Aiming: Ensorcelled Hibernation (safe; 11% risk of failure)
Press: ? - help, Shift-Dir - straight line, f - orc priest
Aim: an orc priest, wielding a +0 hand axe (wandering, hasn't noticed you, chance to affect: 43%)
You miscast Ensorcelled Hibernation.
You are very lightly contaminated with residual magic.
Nothing appears to happen.
The orc priest shouts!
The orc priest barely misses you.
Casting: Ensorcelled Hibernation (safe; 11% risk of failure)
Confirm with . or Enter, or press ? or * to list all spells.
The spell is quite dangerous to miscast (9% risk of failure)!
Continue anyway? [Y]es or [N]o only, please.
The spell is quite dangerous to miscast (9% risk of failure)!
Continue anyway? [Y]es or [N]o only, please.
The spell is quite dangerous to miscast (9% risk of failure)!
Continue anyway? [Y]es or [N]o only, please.
The spell is quite dangerous to miscast (9% risk of failure)!
Continue anyway? [Y]es or [N]o only, please.
The spell is quite dangerous to miscast (9% risk of failure)!
Continue anyway? [Y]es or [N]o only, please.
The spell is quite dangerous to miscast (9% risk of failure)!
Continue anyway?
Your hands begin to glow red.
The orc shouts!
The orc priest calls down the wrath of Beogh upon you.
Pain shoots through your body!
You hit the orc priest but do no damage.
You punch the orc priest, but do no damage.
The orc priest hits you with a +0 hand axe.
You hit the orc priest but do no damage.
The orc priest calls down the wrath of Beogh upon you.
Beogh smites you!
Ouch! That really hurt!
* * * LOW HITPOINT WARNING * * *
The orc priest hits you with a +0 hand axe.
* * * LOW HITPOINT WARNING * * *
The orc priest invokes the aid of Beogh against you.
Pain shoots through your body!
You die...

...#######.#.... # ........# #g##
# ........##.# #... # ........##.#
##..## # ........##.# ....#
######## ........##.# #...##
#......) ........##.# #....
#.####.. ........##.#
#..#######.#.####.#
........##.####.@..ooooo.#.##...#
####....##รท.....##########......#
####...######### #......#
#.............# #......#
#######.##...####.# ###......#
...# #.####......# #........# ##.#
#.####.#.####### #.#......#
##'####.##...........###.#......#
........##.#....####.##..#.......


You could see 2 orc priests, 3 orcs and a hobgoblin (asleep).

Vanquished Creatures
  2 adders
  An ufetubus (D:3)
  A worm (D:2)
  4 dart slugs
  An orc (D:3)
  6 ball pythons
  4 bats
  3 endoplasms
  A giant cockroach (D:1)
  4 hobgoblins (D:2)
  3 jackals (D:1)
  4 kobolds
  5 quokkas
  3 frilled lizards
  4 goblins
  2 rats (D:2)
48 creatures vanquished.

Notes
Turn   | Place    | Note
-------+----------+-------------------------------------------
     0 | D:1      | koil the Spriggan Enchanter began the quest for the Orb.
     0 | D:1      | Reached XP level 1. HP: 9/9 MP: 5/5
   129 | D:1      | Reached XP level 2. HP: 10/13 MP: 6/6
   144 | D:1      | Learned a level 2 spell: Ensorcelled Hibernation
   509 | D:1      | Reached XP level 3. HP: 17/17 MP: 8/8
  1155 | D:2      | Found a faded altar of an unknown god.
  1460 | D:2      | You fall into a shaft and drop 1 floor!
  1485 | D:3      | Reached skill level 5 in Stealth
  1509 | D:3      | Reached XP level 4. HP: 21/21 MP: 8/10
  1513 | D:3      | Learned a level 3 spell: Confusing Touch
  1714 | D:3      | Reached skill level 1 in Fighting
  1935 | D:3      | Killed from afar by an orc priest

Illustrated notes

Levels and vault maps discovered:
D:1:      dreamdust_arrival_sigmund_warning, layout_loops_ring,
          kennysheep_crisscross
D:2:      layout_basic, chequers_ecumenical_altar_grove
D:3:      layout_basic

Skill      XL: |  1  2  3  4 |
---------------+-------------+-----
Dodging        | 3 |  3.3
Spellcasting   | 3 |  3.4
Hexes          | 4 |  4.3
Stealth        | 5 |  5.0
Short Blades   | 2 |  2.1
Fighting       | 1 |  1.0

Action                   |  1- 3 |  4- 6 || total
-------------------------+-------+-------++-------
Melee: Dagger            |   165 |    30 ||   195
       Punch             |     4 |     1 ||     5
 Cast: Ensorcelled Hiber |    10 |       ||    10
       Confusing Touch   |       |     2 ||     2
  Use: Potion            |     1 |       ||     1
 Stab: Sleeping          |    18 |     1 ||    19
       Confused          |       |     1 ||     1
Armor: Robe              |    21 |       ||    21
Dodge: Dodged            |   108 |    36 ||   144

Table legend: (Time is in decaauts)
 A = Elapsed time spent in this place.
 B = Non-inter-level travel time spent in this place.
 C = Inter-level travel time spent in this place.
 D = Time resting spent in this place.
 E = Time spent auto-exploring this place.
 F = Levels seen in this place.
 G = Mean time per level.
                   A        B        C        D        E       F      G
               +--------+--------+--------+--------+--------+-----+--------+
         Total |   1389 |   1377 |     12 |     75 |    906 |   3 |  463.0 |
       Dungeon |   1389 |   1377 |     12 |     75 |    906 |   3 |  463.0 |
               +--------+--------+--------+--------+--------+-----+--------+

Top non-repeatable levels by time:
     D:2: 528 daAuts
     D:1: 514 daAuts
     D:3: 347 daAuts
